 Dungeon Crawl Stone Soup version 0.26-a0-672-g1df16c3386 (webtiles) character file.

Game seed: 16337158956396780186

17111 jiml777 the Geomancer (level 12, -4/64 HPs)
             Began as a Gargoyle Earth Elementalist on Oct 19, 2020.
             Was an Elder of Sif Muna.
             Slain by an ogre
             ... wielding a cursed -3 giant club
              (11 damage)
             ... on level 12 of the Dungeon.
             The game lasted 02:05:10 (18625 turns).

jiml777 the Geomancer (GrEE)                       Turns: 18625, Time: 02:05:10

Health: -4/64      AC: 18    Str: 14    XL:     12   Next: 44%
Magic:  10/25      EV: 12    Int: 21    God:    Sif Muna [****..]
Gold:   850        SH:  6    Dex: 10    Spells: 14/30 levels left

rFire    + . .     SeeInvis .   d - +1 whip
rCold    + . .     Faith    .   C - +3 buckler
rNeg     + + .     Spirit   .   I - +2 troll leather armour
rPois    ∞         Reflect  .   (no helmet)
rElec    +         Harm     .   (no cloak)
rCorr    .         Rampage  .   D - +2 pair of gloves
MR       .....     Rnd*Rage +   (no boots)
Stlth    ++........             (no amulet)
HPRegen  0.60/turn              F - ring of positive energy
MPRegen  0.19/turn              z - ring of protection from cold

@: no status effects
A: talons 1, berserk 1, clever 1, fire resistance 1, negative energy resistance
1, electricity resistance, unbreathing, petrification resistance, rot immunity,
AC +8
a: Channel Magic, Forget Spell, Divine Exegesis, Renounce Religion


You were on level 12 of the Dungeon.
You worshipped Sif Muna.
Sif Muna was greatly pleased with you.
You visited 3 branches of the dungeon, and saw 14 of its levels.
You also visited: Ossuary and Bailey.

You collected 1120 gold pieces.
You spent 270 gold pieces at shops.

Inventory:

Hand Weapons
 d - a +1 whip (weapon)
 h - the +7 long sword "Goblinbane" {freeze, +Inv MR+ Str+9 Int-4}
   (You found it on level 11 of the Dungeon)

   It has been specially enchanted to freeze those struck by it, causing extra
   injury to most foes and up to half again as much damage against particularly
   susceptible opponents.
   It can also slow down cold-blooded creatures.
   It affects your strength (+9).
   It affects your intelligence (-4).
   It affects your resistance to hostile enchantments.
   It lets you turn invisible.
 J - a +0 broad axe
Missiles
 b - 58 stones (quivered)
 e - 231 arrows
 g - 15 curare-tipped darts
 p - 60 bolts
 H - 33 sling bullets
 K - 11 poisoned darts
Armour
 q - +0 shadow dragon scales
 y - a +2 robe of fire resistance
 C - a +3 buckler (worn)
 D - a +2 pair of gloves (worn)
 I - a +2 troll leather armour (worn)
Jewellery
 k - an uncursed ring of ice
 z - a ring of protection from cold (right hand)
 F - a ring of positive energy (left hand)
 G - a +6 ring of dexterity
Wands
 a - a wand of enslavement (10)
 f - a wand of random effects (24)
 s - a wand of polymorph (10)
 v - a wand of iceblast (9)
 E - a wand of digging (5)
Scrolls
 c - 4 scrolls of teleportation
 i - 4 scrolls of amnesia
 l - 4 scrolls of immolation
 t - a scroll of fog
 u - 5 scrolls of remove curse
 w - 3 scrolls of fear
 A - 4 scrolls of identify
 M - a scroll of magic mapping
Potions
 j - 2 potions of mutation
 m - 6 potions of curing
 n - a potion of heal wounds
 o - a potion of resistance
 r - 5 potions of lignification
 x - a potion of flight
 B - 3 potions of ambrosia
 L - a potion of might
 N - 2 potions of stabbing


   Skills:
 + Level 2.9 Fighting
 - Level 3.1 Maces & Flails
 - Level 2.5 Throwing
 - Level 1.3 Armour
 + Level 3.8 Dodging
 * Level 5.0 Stealth
 + Level 1.5 Shields
 + Level 0.1 Unarmed Combat
 * Level 9.5 Spellcasting
 * Level 9.0 Conjurations
 * Level 1.8 Translocations
 * Level 5.5 Transmutations
 * Level 11.5 Earth Magic
 * Level 4.1 Invocations
 * Level 3.4 Evocations


You had 14 spell levels left.
You knew the following spells:

 Your Spells              Type           Power        Failure   Level
a - Sandblast             Erth           ######       1%          1
b - Passwall              Tmut/Erth      #####...     1%          2
c - Stone Arrow           Conj/Erth      ######       1%          3
d - Petrify               Tmut/Erth      #####...     3%          4
e - Lee's Rapid Deconstr  Erth           ######....   3%          5
f - Apportation           Tloc           ###...       5%          1

Your spell library contained the following spells:

 Spells                   Type           Power        Failure   Level
 Beastly Appendage        Tmut           ####..       1%          1
 Foxfire                  Conj/Fire      ####         1%          1
 Wereblood                Tmut           ####....     1%          2
 Static Discharge         Conj/Air       ####....     5%          3
 Spider Form              Tmut/Pois      ###.......   11%         3
 Animate Skeleton         Necr           ##....       12%         1
 Corona                   Hex            ##.....      12%         1
 Summon Small Mammal      Summ           ##..         12%         1
 Lesser Beckoning         Tloc           ###.......   17%         3
 Call Imp                 Summ           ##......     19%         2
 Swiftness                Air            ##......     19%         2
 Portal Projectile        Hex/Tloc       ##....       24%         3
 Blade Hands              Tmut           ####......   32%         5
 Call Canine Familiar     Summ           ##......     34%         3
 Summon Guardian Golem    Hex/Summ       ##......     34%         3
 Ice Form                 Ice/Tmut       ###.....     36%         4
 Passage of Golubria      Tloc           N/A          50%         4
 Summon Ice Beast         Ice/Summ       ##......     75%         4
 Summon Lightning Spire   Summ/Air       ##......     75%         4
 Conjure Ball Lightning   Conj/Air       ####......   96%         6
 Invisibility             Hex            ##......     100%        6


Dungeon Overview and Level Annotations

Branches:
Dungeon (11/15)            Temple (1/1) D:4            Lair (1/6) D:10
    Orc (0/2) D:9         Ossuary (visited)          Bailey (visited)

Altars:
Ashenzari
Cheibriados
Dithmenos
Elyvilon
Fedhas
Gozag
Hepliaklqana
Kikubaaqudgha
Makhleb
Nemelex Xobeh
Okawaru
Qazlal
Ru
Sif Muna
Trog
Uskayaw
Vehumet
Wu Jian
Xom
Yredelemnul
Zin
The Shining One

Shops:
D:9 [

Annotations:
D:6 3 runed translucent doors, frankcastle's ghost, novice VSFi


Innate Abilities, Weirdness & Mutations

You are resistant to torment.
Your stone body is resilient. (AC +8)
You are immune to poison.
You resist negative energy. (rN+)
You are resistant to electric shocks. (rElec)
You can survive without breathing.
You are immune to petrification.
You are immune to rotting.
You have sharp toenails.
You tend to lose your temper in combat.
Your mind is acute. (Int +2)
Your flesh is heat resistant. (rF+)


Message History

b - 58 stones The very large slime creature hits you!!!
Ouch! That really hurt!
* * * LOW HITPOINT WARNING * * *
You feel much better.
The very large slime creature hits you!!
* * * LOW HITPOINT WARNING * * *
Press: ? - help, Dir - move target cursor, p - very large slime creature
As you read the scroll of blinking, it crumbles to dust.
As you read the scroll of teleportation, it crumbles to dust.
You feel strangely unstable.
Things that are here:
a +0 dagger; a +0 robe; an orc corpse Your surroundings suddenly seem different.
An orc comes into view.
It is carrying a wand of enslavement (7).
Found a scroll of remove curse and 43 stones.
An adder, a quokka, a worker ant, an ice beast and an ogre come into view.
The quokka moves out of view.
The adder moves out of view.
The ogre hits you with a cursed -3 giant club!
You die...

#########
#.......#
#.......#
#.......#
#.?.....####
#####...@.......
#...B....O......
#...............
#.........##....
#...............
#...............
#....o..........
#..............
##.(........Y#.


You could see an ogre, a worker ant and an orc (wandering).

Vanquished Creatures
  Harold (D:11)
  A centaur warrior (D:11)
  4 two-headed ogres
  An orc knight (D:8)
  2 manticores (D:12)
  2 ugly things
  A centaur skeleton (D:11)
  A komodo dragon (D:10)
  2 trolls
  Grinder (D:5)
  2 slime creatures (D:12)
  A wyvern (D:9)
  15 yaks
  Eustachio (D:6)
  A basilisk (D:9)
  An acid dragon (D:12)
  A water moccasin (D:11)
  A black bear (D:8)
  5 orc warriors
  2 phantoms
  5 necrophages
  2 ice beasts
  2 sky beasts (D:6)
  7 ogres
  2 centaurs
  2 big kobolds
  4 bullfrogs
  Blork the orc (D:4)
  A wyvern zombie (D:8)
  2 wyvern skeletons
  4 scorpions
  A water moccasin skeleton (D:6)
  A killer bee (D:7)
  2 howler monkeys
  3 vampire bats (D:3)
  14 wights
  2 electric eels (D:7)
  7 bullfrog zombies
  8 centaur zombies
  A quasit (D:11)
  10 orc priests
  6 hounds
  3 iguanas
  6 worker ants
  9 orc wizards
  A hell rat (Lair:1)
  A killer bee zombie (Ossuary)
  2 hound zombies
  A hound skeleton (D:7)
  2 howler monkey zombies (Ossuary)
  13 mummies
  A worker ant zombie (D:8)
  A gnoll (Bailey)
  13 adders
  2 river rats (D:3)
  A shadow imp (D:7)
  2 white imps (D:6)
  3 oozes
  4 adder zombies (Ossuary)
  2 adder skeletons
  6 worms
  3 dart slugs
  6 leopard geckos
  43 orcs
  4 giant cockroaches
  14 goblins
  8 hobgoblins
  11 jackals
  A quokka (D:10)
  4 ball pythons
  17 bats
  5 frilled lizards
  A hobgoblin zombie (D:7)
  2 jackal zombies
  23 kobolds
  A kobold zombie (D:7)
  2 leopard gecko zombies (Ossuary)
  2 quokka zombies (D:6)
  9 rats
362 creatures vanquished.

Vanquished Creatures (collateral kills)
  An unseen horror (D:11)
1 creature vanquished.

Vanquished Creatures (others)
  2 bushes (D:8)
  10 plants
  5 withered plants (Ossuary)
17 creatures vanquished.

Grand Total: 380 creatures vanquished

Notes
Turn   | Place    | Note
-------+----------+-------------------------------------------
     0 | D:1      | jiml777 the Gargoyle Earth Elementalist began the quest for
                  | the Orb.
     0 | D:1      | Reached XP level 1. HP: 10/10 MP: 3/3
   249 | D:1      | Reached XP level 2. HP: 9/15 MP: 5/5
   622 | D:1      | Reached skill level 4 in Earth Magic
   638 | D:1      | Reached skill level 1 in Maces & Flails
   638 | D:1      | Reached XP level 3. HP: 11/19 MP: 2/6
  1578 | D:2      | Reached XP level 4. HP: 24/24 MP: 2/7
  1911 | D:2      | Learned a level 2 spell: Passwall
  1915 | D:2      | Learned a level 3 spell: Stone Arrow
  2241 | D:3      | Found a faded altar of an unknown god.
  2767 | D:3      | Reached skill level 1 in Conjurations
  2767 | D:3      | Reached skill level 1 in Transmutations
  2767 | D:3      | Reached XP level 5. HP: 7/28 MP: 2/8
  3420 | D:3      | Reached XP level 6. HP: 26/33 MP: 2/10
  3646 | D:3      | Reached skill level 5 in Earth Magic
  4188 | D:4      | Reached XP level 7. HP: 33/37 MP: 6/12
  4474 | D:4      | Found a staircase to the Ecumenical Temple.
  4487 | D:4      | Noticed Blork the orc
  4492 | D:4      | Killed Blork the orc
  4497 | Temple   | Entered the Ecumenical Temple
  4618 | Temple   | Became a worshipper of Sif Muna the Loreminder
  5050 | D:4      | Gained mutation: You have sharp toenails. [potion of
                  | mutation]
  5050 | D:4      | Gained mutation: Your mind is acute. (Int +2) [potion of
                  | mutation]
  5050 | D:4      | Gained mutation: You tend to lose your temper in combat.
                  | [potion of mutation]
  5050 | D:4      | Gained mutation: Your flesh is heat resistant. (rF+)
                  | [potion of mutation]
  5268 | D:5      | Entered Level 5 of the Dungeon
  5335 | D:5      | Reached skill level 6 in Earth Magic
  5480 | D:5      | Reached skill level 1 in Fighting
  5533 | D:5      | Reached XP level 8. HP: 43/43 MP: 8/15
  5609 | D:5      | Found a sacrificial altar of Ru.
  5683 | D:5      | Noticed Grinder
  5687 | D:5      | Killed Grinder
  5687 | D:5      | Reached skill level 5 in Spellcasting
  5687 | D:5      | Reached skill level 7 in Earth Magic
  6043 | D:6      | Reached skill level 1 in Evocations
  6540 | D:6      | Reached * piety under Sif Muna
  6929 | D:6      | Noticed a two-headed ogre
  6935 | D:6      | Killed a two-headed ogre
  6935 | D:6      | Reached skill level 5 in Conjurations
  6935 | D:6      | Reached XP level 9. HP: 48/48 MP: 1/18
  7353 | D:6      | Reached skill level 8 in Earth Magic
  7458 | D:6      | Noticed Eustachio
  7468 | D:6      | Killed Eustachio
  7637 | D:6      | Found a runed translucent gate.
  7638 | D:6      | Found a runed translucent gate.
  7638 | D:6      | Found a runed translucent gate.
  7640 | D:6      | Noticed frankcastle's ghost (novice VSFi)
  8190 | D:7      | Reached ** piety under Sif Muna
  8207 | D:7      | Found a sand-covered staircase.
  8225 | Ossuary  | Entered an ossuary
  8330 | Ossuary  | Reached XP level 10. HP: 53/53 MP: 7/20
  8614 | Ossuary  | Reached skill level 9 in Earth Magic
  8620 | Ossuary  | Learned a level 4 spell: Petrify
  8626 | Ossuary  | Learned a level 5 spell: Lee's Rapid Deconstruction
  9677 | D:7      | Reached *** piety under Sif Muna
 10563 | D:8      | Found a flagged portal.
 10661 | Bailey   | Entered a bailey
 10983 | Bailey   | Noticed an orc knight
 11003 | Bailey   | Paralysed by an orc knight for 2 turns
 11052 | Bailey   | Paralysed by an orc knight for 2 turns
 11061 | Bailey   | Paralysed by an orc knight for 2 turns
 11453 | D:8      | Killed an orc knight
 11453 | D:8      | Reached skill level 1 in Throwing
 11738 | D:8      | Reached skill level 1 in Invocations
 12067 | D:8      | Found a blossoming altar of Fedhas.
 12163 | D:8      | Reached skill level 10 in Earth Magic
 12551 | D:8      | Noticed a two-headed ogre
 12563 | D:8      | Killed a two-headed ogre
 13203 | D:9      | Reached XP level 11. HP: 58/58 MP: 15/22
 13272 | D:9      | Found a staircase to the Orcish Mines.
 13360 | D:9      | Identified the Volume of the Destructive Traveller
 13507 | D:9      | Found Zanuefuu's Antique Armour Boutique.
 13517 | D:9      | Bought a runed buckler for 135 gold pieces
 13517 | D:9      | Bought a pair of runed gloves for 135 gold pieces
 13868 | D:9      | Reached **** piety under Sif Muna
 14326 | D:10     | Entered Level 10 of the Dungeon
 14385 | D:10     | Reached skill level 5 in Transmutations
 15513 | D:10     | Found Zuig Jiceur's Antique Armour Emporium.
 15889 | D:10     | Reached skill level 1 in Armour
 16013 | D:10     | Learned a level 1 spell: Apportation
 16084 | D:10     | You fall into a shaft and drop 1 floor!
 16243 | D:11     | Reached skill level 1 in Shields
 16378 | D:11     | Killed an unseen horror
 16510 | D:11     | Got a translucent long sword
 16693 | D:10     | Found a staircase to the Lair.
 16780 | Lair:1   | Entered Level 1 of the Lair of Beasts
 16805 | Lair:1   | Noticed an eight-headed hydra
 16806 | Lair:1   | Identified the +7 long sword "Goblinbane" {freeze, +Inv MR+
                  | Str+9 Int-4} (You found it on level 11 of the Dungeon)
 17078 | D:11     | Noticed a two-headed ogre
 17166 | D:11     | Killed a two-headed ogre
 17171 | D:10     | Reached skill level 11 in Earth Magic
 17282 | D:11     | Noticed a centaur warrior
 17414 | D:11     | Noticed a two-headed ogre
 17419 | D:11     | Killed a two-headed ogre
 17419 | D:11     | Reached skill level 1 in Translocations
 17419 | D:11     | Reached XP level 12. HP: 53/64 MP: 11/25
 17426 | D:11     | Killed a centaur warrior
 17727 | D:11     | Noticed Harold
 17735 | D:11     | Killed Harold
 18156 | D:11     | You fall into a shaft and drop 1 floor!
 18322 | D:12     | Reached skill level 5 in Stealth
 18618 | D:12     | HP: 3/64 [very large slime creature (20)]
 18625 | D:12     | Slain by an ogre

Illustrated notes

Levels and vault maps discovered:
D:1:      dpeg_arrival_lava_temple_mockup, layout_basic, minmay_quantized
D:2:      layout_basic
D:3:      layout_loops_corners, chequers_ecumenical_altar_simple_redux,
          portal_sewer_entry_e, roderic_batcave
D:4:      layout_basic, minmay_temple_entry_slanted, uniq_blork_the_orc
D:5:      layout_cave_pools, hangedman_decor_slide_cut,
          nicolae_ru_path_of_blood, uniq_grinder
D:6:      layout_rooms, gammafunk_ghost_necromancy, uniq_eustachio
D:7:      layout_basic, nicolae_ossuary_entry_giza, minmay_liquid_box,
          kennysheep_decorative_pillar, kennysheep_opposing_triangles
D:8:      layout_gridville, fedhas_altar_decomposition, enter_bailey_3,
          minmay_starry_boxes
D:9:      layout_basic, orc_0_dummy, serial_shops, shop, minmay_radiant
D:10:     layout_basic, david_lair_shrubbed, serial_shops, shop
D:11:     layout_grid_maze, chequers_serial_rivers_micro_c, minivault_20,
          hangedman_abyss_or_decor_jellyfish_corner, uniq_harold
D:12:     layout_basic
Temple:   kilobyte_greek_temple
Lair:1:   layout_regular_city, beast_lair_carwin_9

Skill      XL: |  1  2  3  4  5  6  7  8  9 10 11 12 |
---------------+-------------------------------------+-----
Earth Magic    | 4 5 6 7 8 10 11 | 11.5
Maces & Flails | 1 2 3 |  3.1
Dodging        | 2 3 |  3.8
Conjurations   | 1 2 3 5 6 7 8 9 |  9.0
Transmutations | 1 2 3 4 5 |  5.5
Spellcasting   | 3 4 6 7 9 |  9.5
Stealth        | 3 4 5 |  5.0
Fighting       | 1 2 |  2.9
Evocations     | 1 2 3 |  3.4
Throwing       | 1 2 |  2.5
Invocations    | 2 3 4 |  4.1
Armour         | 1 |  1.3
Shields        | 1 |  1.5
Translocations | 1 |  1.8
Unarmed Combat | |  0.1

Action                   |  1- 3 |  4- 6 |  7- 9 | 10-12 || total
-------------------------+-------+-------+-------+-------++-------
Melee: Whip              |    85 |    61 |    69 |   311 ||   526
       Unarmed           |     3 |       |       |       ||     3
       Kick              |       |       |    14 |   101 ||   115
 Cast: Sandblast         |    23 |    99 |    86 |    86 ||   294
       Stone Arrow       |       |       |    61 |   305 ||   366
       Petrify           |       |       |       |    14 ||    14
Evoke: Wand              |       |       |     2 |       ||     2
  Use: Scroll            |     1 |     5 |    13 |    12 ||    31
       Potion            |       |       |     1 |    11 ||    12
 Stab: Sleeping          |     3 |     1 |       |     1 ||     5
       Petrified         |       |       |       |    17 ||    17
Armor: Robe              |    32 |    40 |    49 |    76 ||   197
       Troll leather arm |       |       |       |    81 ||    81
Dodge: Dodged            |    65 |    64 |    82 |   231 ||   442
Block: Buckler           |       |       |       |    53 ||    53

Table legend: (Time is in decaauts)
 A = Elapsed time spent in this place.
 B = Non-inter-level travel time spent in this place.
 C = Inter-level travel time spent in this place.
 D = Time resting spent in this place.
 E = Time spent auto-exploring this place.
 F = Levels seen in this place.
 G = Mean time per level.
                   A        B        C        D        E       F      G
               +--------+--------+--------+--------+--------+-----+--------+
         Total |  18645 |  18273 |    372 |   7462 |   6817 |  16 | 1165.3 |
       Dungeon |  16801 |  16479 |    322 |   6462 |   6561 |  12 | 1400.1 |
        Temple |    245 |    195 |     50 |      0 |    183 |   1 |  245.0 |
          Lair |     50 |     50 |      0 |     16 |      5 |   1 |   50.0 |
       Ossuary |   1126 |   1126 |      0 |    757 |     68 |   1 | 1126.0 |
        Bailey |    421 |    421 |      0 |    227 |      0 |   1 |  421.0 |
               +--------+--------+--------+--------+--------+-----+--------+

Top non-repeatable levels by time:
    D:10: 2117 daAuts
     D:8: 1940 daAuts
     D:3: 1874 daAuts
     D:7: 1864 daAuts
     D:9: 1638 daAuts
     D:6: 1407 daAuts
     D:1: 1256 daAuts
     D:5: 1172 daAuts
    D:11: 1159 daAuts
 Ossuary: 1126 daAuts
     D:2: 988 daAuts
     D:4: 912 daAuts
    D:12: 468 daAuts
  Bailey: 421 daAuts
  Temple: 245 daAuts
